 Dungeon Crawl Stone Soup version 0.24.0-41-g2ae2f7f1be (webtiles) character file.

Game seed: 17702190309258099847, levelgen mode: deterministic

429 dominus the Chopper (level 6, -11/56 HPs)
             Began as a Hill Orc Monk on Dec 11, 2019.
             Killed from afar by a raiju (18 damage)
             ... with a living lightning
             ... on level 1 of the Abyss.
             The game lasted 00:20:46 (4110 turns).

dominus the Chopper (Hill Orc Monk)                 Turns: 4110, Time: 00:20:47

Health: -11/56     AC: 16    Str: 14    XL:     6   Next: 98%
Magic:  6/6        EV:  5    Int: 10    God:
Gold:   275        SH:  0    Dex: 15    Spells: 5/5 levels left

rFire    . . .     SeeInvis .   y - +0 war axe (flame)
rCold    . . .     Gourm    .   (no shield)
rNeg     . . .     Faith    .   n - +4 plate armour
rPois    .         Spirit   .   (no helmet)
rElec    .         Reflect  .   (no cloak)
rCorr    .         Harm     .   f - +0 pair of gloves
MR       .....                  (no boots)
Stlth    ..........             (no amulet)
HPRegen  0.18/turn              (no ring)
MPRegen  0.10/turn              (no ring)

@: no status effects
A: no striking features
a: no special abilities


You were on level 1 of the Abyss.
You were hungry.

You visited 1 branch of the dungeon, and saw 4 of its levels.
You visited the Abyss 1 time.

You collected 275 gold pieces.

Inventory:

Hand Weapons
 a - a +0 hand axe
 j - a +0 short sword of flaming
 y - a +0 war axe of flaming (weapon)
 A - a +0 falchion
Armour
 b - a +0 robe
 f - a +0 pair of gloves (worn)
 h - a +0 ring mail
 l - a +0 chain mail
 n - a +4 plate armour (worn)
Jewellery
 g - an uncursed ring of protection from fire {unknown}
Wands
 z - a wand of digging (3)
Scrolls
 d - 3 scrolls of teleportation {unknown}
 e - a scroll of fog {unknown}
 k - 6 scrolls of identify {unknown}
 m - a scroll of fear {unknown}
 o - a scroll of blinking {unknown}
 q - 2 scrolls of enchant armour {unknown}
 s - 3 scrolls of enchant weapon {unknown}
 u - 2 scrolls of magic mapping {unknown}
Potions
 i - 3 potions of might {unknown}
 p - a potion of degeneration {unknown}
 r - a potion of resistance {unknown}
 t - 2 potions of ambrosia {unknown}
 v - a potion of curing {unknown}
 w - a potion of cancellation {unknown}
 x - a potion of lignification {unknown}
Comestibles
 c - 8 rations


   Skills:
 + Level 5.4 Fighting
 * Level 6.6 Axes
 + Level 3.5 Armour
 - Level 2.4 Dodging
 - Level 2.9 Stealth


You had 5 spell levels left.
You didn't know any spells.
Your spell library contained the following spells:

 Spells                   Type           Power        Failure   Level  Hunger
 Flame Tongue             Conj/Fire      #....        100%        1    ##.....
 Throw Flame              Conj/Fire      #.....       100%        2    ###....
 Conjure Flame            Conj/Fire      #.......     100%        3    ####...
 Inner Flame              Hex/Fire       #.......     100%        3    ####...
 Sticky Flame             Conj/Fire      #.......     100%        4    #####..
 Fireball                 Conj/Fire      #.........   100%        5    ######.


Dungeon Overview and Level Annotations

Branches:
Dungeon (4/15)
 Temple: D:4-7

Altars:
Ashenzari
Dithmenos
Sif Muna
Uskayaw
Vehumet


Message History

A tentacle flies out from the starspawn's body!
A starspawn tentacle comes into view.
The raiju bursts into living lightning!
The living lightning hits you!!
The raiju blinks!
The raiju bites you but does no damage. The raiju bites you but does no damage.
The raiju bites you but does no damage.
The raiju bursts into living lightning!
The living lightning hits you!
The raiju blinks!
The raiju bursts into living lightning!
The living lightning hits you!!
* * * LOW HITPOINT WARNING * * *
The raiju blinks!
A tentacle flies out from the starspawn's body!
The raiju bursts into living lightning!
The living lightning misses you.
The raiju blinks!
A starspawn tentacle comes into view.
The raiju bursts into living lightning!
The living lightning hits you!!
You die...

.##.#..##..####. .
.#....#..##.# . ##
.###. ##.Xw.#. #
..#.# # .
.##...#....... #!#.#
#...#........#..
....# #.....## .# #
#.#.####.#..# ..#..#
#..#h......#.##...##
#..@.#..#..## ...#
#.##..###.# # #.# #.
##....##.# . ..
###...# # .. ..## .#
..# .


You could see a raiju.

Vanquished Creatures
  2 scorpions (D:4)
  A bullfrog skeleton (D:4)
  2 hounds (D:4)
  An orc priest (D:3)
  An orc wizard (D:2)
  Robin (D:4)
  7 adders
  2 oozes
  2 worms
  7 dart slugs
  A leopard gecko (D:3)
  2 orcs (D:3)
  5 ball pythons
  3 bats (D:3)
  4 giant cockroaches
  16 goblins
  9 hobgoblins
  2 quokkas
  2 frilled lizards (D:3)
  8 kobolds
  10 rats
88 creatures vanquished.

Vanquished Creatures (others)
  6 starspawn tentacles (Abyss:1)
6 creatures vanquished.

Grand Total: 94 creatures vanquished

Notes
Turn   | Place    | Note
-------+----------+-------------------------------------------
     0 | D:1      | dominus the Hill Orc Monk began the quest for the Orb.
     0 | D:1      | Reached XP level 1. HP: 19/19 MP: 1/1
   126 | D:1      | Reached XP level 2. HP: 21/27 MP: 2/2
   430 | D:1      | Reached skill level 1 in Armour
   648 | D:1      | Reached XP level 3. HP: 33/33 MP: 3/3
  1135 | D:2      | Found a radiant altar of Vehumet.
  1609 | D:2      | Reached XP level 4. HP: 37/40 MP: 4/4
  1619 | D:2      | Found a hide-covered altar of Uskayaw.
  1619 | D:2      | Found a shattered altar of Ashenzari.
  1619 | D:2      | Found a shadowy altar of Dithmenos.
  2078 | D:2      | Reached skill level 5 in Axes
  2182 | D:3      | Reached XP level 5. HP: 29/47 MP: 5/5
  2452 | D:3      | Found a faded altar of an unknown god.
  2630 | D:3      | Found a shimmering blue altar of Sif Muna.
  3336 | D:3      | Noticed Robin
  3377 | D:4      | Reached skill level 5 in Fighting
  3377 | D:4      | Reached XP level 6. HP: 19/56 MP: 6/6
  3620 | D:4      | Killed Robin
  3620 | D:4      | Reached skill level 6 in Axes
  3968 | D:4      | Cast into level 1 of the Abyss (orc)
  4077 | Abyss:1  | Noticed a tentacled starspawn
  4091 | Abyss:1  | Noticed a raiju
  4110 | Abyss:1  | Killed from afar by a raiju

Levels and vault maps discovered:
D:1:      minmay_arrival_stone_box, layout_loops_corners
D:2:      layout_loops_ring, gammafunk_temple_overflow_claw, vehumet_crystals,
          kennysheep_generic_room_14
D:3:      layout_rooms, chequers_ecumenical_altar_twisty, led_sif_book,
          uniq_robin
D:4:      layout_basic, first_ration
Abyss:1:  base:
D:4

Skill      XL: |  1  2  3  4  5  6 |
---------------+-------------------+-----
Armour         | 1 2 3 |  3.5
Stealth        | 2 |  2.9
Fighting       | 4 5 |  5.4
Axes           | 5 6 |  6.6
Dodging        | |  2.4

Action                   |  1- 3 |  4- 6 || total
-------------------------+-------+-------++-------
Melee: Hand axe          |    51 |       ||    51
       Short sword       |    54 |   206 ||   260
       War axe           |       |    52 ||    52
 Stab: Sleeping          |     4 |       ||     4
  Eat: Chunk             |     1 |     2 ||     3
       Ration            |       |     2 ||     2
Armor: Robe              |     1 |       ||     1
       Ring mail         |    13 |       ||    13
       Chain mail        |    15 |       ||    15
       Plate armour      |     9 |   278 ||   287
Dodge: Dodged            |    54 |    63 ||   117
